 Dungeon Crawl Stone Soup version 0.30-a0-364-gf6b3ef1049 (webtiles) character file.

Game seed: 13156115168722352455

46 oldriver the Grave Robber (level 3, -2/26 HPs)
             Began as a Mummy Necromancer on Nov 15, 2022.
             Slain by Grinder (8 damage)
             ... on level 3 of the Dungeon.
             The game lasted 00:02:03 (1721 turns).

oldriver the Grave Robber (Mummy Necromancer)       Turns: 1721, Time: 00:02:04

Health: -2/26      AC:  2    Str: 11    XL:     3   Next: 46%
Magic:  8/8        EV: 12    Int: 21    God:
Gold:   46         SH:  0    Dex: 18    Spells: 6/10 levels left

rFire   x . .      SeeInvis .    f - +8 hand axe "Naesost" {freeze, Int+5}
rCold   . . .      Faith    +    (no shield)
rNeg    + + +      Spirit   .    i - +0 robe of the Pirate {rC- Regen+ Archmagi}
rPois   ∞          Reflect  .    (no helmet)
rElec   .          Harm     .    (no cloak)
rCorr   .          Rampage  .    (no gloves)
Will    .....      Archmagi +    (no boots)
Stlth   ++........               (no amulet)
HPRegen 1.04/turn                b - +6 ring of dexterity
MPRegen 0.11/turn                (no ring)

@: no status effects
A: cold resistance 1, negative energy resistance 3, torment resistance 2, heat
vulnerability 1, in touch with death 1, no potions, faith
a: no special abilities


You were on level 3 of the Dungeon.
You visited 1 branch of the dungeon, and saw 3 of its levels.

You collected 46 gold pieces.

Inventory:

Hand Weapons
 f - the +8 hand axe "Naesost" (weapon) {freeze, Int+5}
   (You found it on level 2 of the Dungeon)

   It freezes those it strikes, dealing additional cold damage.
   It can also slow down cold-blooded creatures.
   Int:       It affects your intelligence (+5).
Armour
 a - a +0 robe
 i - the +0 robe of the Pirate (worn) {rC- Regen+ Archmagi}
   (You found it on level 2 of the Dungeon)

   rC:        It makes you vulnerable to cold.
   Regen:     It increases your rate of health regeneration.
   Archmagi:  It increases the power of your magical spells.
Jewellery
 b - a +6 ring of dexterity (left hand)
Scrolls
 c - a scroll of torment {unknown}
 d - a scroll of vulnerability {unknown}
 e - 2 scrolls of enchant armour {unknown}
 g - a scroll of amnesia {unknown}
 h - a scroll of identify {unknown}
 j - a scroll of blinking {unknown}
 k - a scroll of acquirement {unknown}


   Skills:
 + Level 1.2 Fighting
 - Level 1.5 Dodging
 - Level 1.5 Stealth
 * Level 4.0 Spellcasting
 + Level 4.3 Necromancy


You had 6 spell levels left.
You knew the following spells:

 Your Spells              Type           Power      Damage    Failure   Level
a - Necrotise             Necr           100%       1d9       1%          1
b - Vampiric Draining     Necr           50%        2d9       6%          3

Your spell library contained the following spells:

 Spells                   Type           Power      Damage    Failure   Level
 Animate Dead             Necr           50%        N/A       21%         4
 Agony                    Necr           50%        N/A       50%         5


Dungeon Overview and Level Annotations

Branches:
Dungeon (3/15)

Altars:

Annotations:
D:3 Grinder


Innate Abilities, Weirdness & Mutations

You are immune to poison.
Your flesh is cold resistant. (rC+)
You are immune to negative energy. (rN+++)
You are immune to unholy pain and torment.
You are vulnerable to heat. (rF-)
You are in touch with the powers of death.
You do not drink.
You have a special connection with the divine. (Faith)


Message History

You climb downwards.
Found an orange potion.
There is a stone staircase leading up here.
You see here an orange potion.
Grinder comes into view.
Grinder is nearby!
Grinder is nearby!
Grinder is nearby!
The helpless Grinder fails to defend herself.
You hit Grinder.
Grinder is lightly wounded.
Grinder closely misses you.
You barely miss Grinder.
Grinder is lightly wounded.
Grinder barely misses you.
You barely miss Grinder.
Grinder is lightly wounded.
Grinder blinks!
You can't see any susceptible monsters within range! (Use Z to cast anyway.) Grinder grins, showing sharp teeth.
Grinder hits you.
You hit Grinder.
Grinder is lightly wounded.
Grinder hits you. Grinder hits you!
You are too injured to fight recklessly!
You are too injured to fight recklessly!
You slash Grinder!
Grinder is heavily wounded.
Grinder drinks a potion.
Grinder is healed!
You slash Grinder!
Grinder is heavily wounded.
Grinder barely misses you.
You closely miss Grinder.
Grinder is heavily wounded.
Grinder hits you. x2
* * * LOW HITPOINT WARNING * * *
You hit Grinder.
Grinder is severely wounded.
Grinder hits you!
You die...

.. #.#
##.##.#
...#.# #
#.#.# #.
#...#
#.#####.#
#...#...#
###.#.#.#
#@..#.#
##5##.#
#.##.#
#....#
#.####
#.# ..#
...


You could see Grinder.

Vanquished Creatures
  4 worms (D:2)
  A dart slug (D:1)
  2 endoplasms (D:2)
  2 goblins (D:1)
  A hobgoblin (D:1)
  3 jackals (D:2)
  A quokka (D:1)
  4 ball pythons
  4 bats
  2 frilled lizards (D:1)
  5 kobolds
  3 rats (D:2)
32 creatures vanquished.

Vanquished Creatures (collateral kills)
  An endoplasm (D:1)
  A goblin (D:1)
2 creatures vanquished.

Grand Total: 34 creatures vanquished

Notes
Turn   | Place    | Note
-------+----------+-------------------------------------------
     0 | D:1      | oldriver the Mummy Necromancer began the quest for the Orb.
     0 | D:1      | Reached XP level 1. HP: 13/13 MP: 4/4
   180 | D:1      | Reached XP level 2. HP: 20/20 MP: 4/6
   753 | D:2      | Identified the +8 hand axe "Naesost" {freeze, Int+5}
   784 | D:2      | Reached skill level 1 in Fighting
   857 | D:2      | Gained mutation: You are in touch with the powers of death.
                  | [Mummy growth]
   857 | D:2      | Reached XP level 3. HP: 24/26 MP: 0/8
   861 | D:2      | Learned a level 3 spell: Vampiric Draining
  1126 | D:2      | Identified the +0 robe of the Pirate {rC- Regen+ Archmagi}
  1709 | D:3      | Noticed Grinder
  1721 | D:3      | Slain by Grinder

Illustrated notes

Levels and vault maps discovered:
D:1:      psy_arrival_whirlpool, layout_basic, st_stairs_4, minmay_distorted
D:2:      layout_loops_ring, hangedman_abyss_or_decor_lesser_grid,
          minmay_box_of_dots
D:3:      layout_loops_ring, lemuel_round_altar, nicolae_overflow_crystal_walls,
          mainiacjoe_overflow_concentric_impassable, jmf_multi_god_temple,
          uniq_jessica, uniq_sigmund, uniq_grinder

Skill      XL: |  1  2  3 |
---------------+----------+-----
Spellcasting   | 3 4 |  4.0
Fighting       | 1 |  1.2
Dodging        | |  1.5
Stealth        | |  1.5
Necromancy     | |  4.3

Action                   || total
-------------------------++-------
Melee: Unarmed           ||     2
       Hand axe          ||    15
 Cast: Necrotise         ||    63
 Stab: Sleeping          ||     1
Armor: Robe              ||     4
Dodge: Dodged            ||    21

Table legend: (Time is in decaauts)
 A = Elapsed time spent in this place.
 B = Non-inter-level travel time spent in this place.
 C = Inter-level travel time spent in this place.
 D = Time resting spent in this place.
 E = Time spent auto-exploring this place.
 F = Levels seen in this place.
 G = Mean time per level.
                   A        B        C        D        E       F      G
               +--------+--------+--------+--------+--------+-----+--------+
         Total |   1724 |   1645 |     79 |      0 |   1400 |   3 |  574.7 |
       Dungeon |   1724 |   1645 |     79 |      0 |   1400 |   3 |  574.7 |
               +--------+--------+--------+--------+--------+-----+--------+

Top non-repeatable levels by time:
     D:2: 994 daAuts
     D:1: 696 daAuts
     D:3: 33 daAuts
